 Dungeon Crawl Stone Soup version 0.21-a0-41-g5e91fef (webtiles) character file.

105 roguesci the Skirmisher (level 4, -1/40 HPs)
             Began as a Draconian Fighter on June 3, 2017.
             Killed by divine providence
             ... invoked by an orc priest
              (13 damage)
             ... on level 3 of the Dungeon.
             The game lasted 00:03:11 (1932 turns).

roguesci the Skirmisher (Draconian Fighter)         Turns: 1932, Time: 00:03:12

Health: -1/40      AC:  5    Str: 18    XL:     4   Next: 54%
Magic:  5/5        EV: 17    Int:  9    God:
Gold:   116        SH:  9    Dex: 16    Spells: 5/5 levels left

rFire    . . .     SeeInvis .   a - +0 flail
rCold    . . .     Gourm    .   b - +0 shield
rNeg     . . .     Faith    .   (armour unavailable)
rPois    .         Spirit   .   (helmet restricted)
rElec    .         Reflect  .   (no cloak)
rCorr    .         Harm     .   (no gloves)
MR       .....                  (no boots)
Stlth    ++........             (no amulet)
Regen    0.2/turn               (no ring)
MPRegen  0.1/turn               (no ring)

@: agile
A: unfitting armour, cold-blooded, AC +5
a: no special abilities


You were on level 3 of the Dungeon.
You were hungry.

You visited 1 branch of the dungeon, and saw 3 of its levels.

You collected 116 gold pieces.

Inventory:

Hand Weapons
 a - a +0 flail (weapon)
Missiles
 o - 41 stones (quivered)
Armour
 b - a +0 shield (worn)
Jewellery
 f - an uncursed ring of ice {unknown}
Scrolls
 h - a scroll of noise {unknown}
 j - 2 scrolls of remove curse {unknown}
 k - a scroll of random uselessness {unknown}
 m - 4 scrolls of identify {unknown}
 n - 2 scrolls of amnesia {unknown}
 q - a scroll of recharging {unknown}
 s - 2 scrolls of teleportation {unknown}
Potions
 c - a potion of might
 e - 3 potions of curing {unknown}
 g - 3 potions of agility
 r - a potion of brilliance {unknown}
 t - a potion of ambrosia {unknown}
Comestibles
 d - a bread ration
 i - 2 royal jellies
 l - 2 meat rations
 u - 4 chunks of flesh


   Skills:
 * Level 3.9 Fighting
 + Level 2.4 Maces & Flails
 * Level 3.5 Dodging
 + Level 3.6 Shields
 * Level 1.2 Spellcasting


You had 5 spell levels left.
You didn't know any spells.

Dungeon Overview and Level Annotations

Branches:
Dungeon (3/15)

Altars:
Gozag
Nemelex Xobeh


Innate Abilities, Weirdness & Mutations

Your plain brown scales are hard. (AC +5)
You cannot fit into any form of body armour.
You are cold-blooded and may be slowed by cold attacks.


Message History

You completely miss the orc.
The orc is heavily wounded.
The orc misses you. The orc closely misses you.
The orc priest invokes the aid of Beogh against you.
Beogh smites you!
You closely miss the orc.
The orc is heavily wounded.
The orc hits you with a whip.
You hit the orc.
You kill the orc!
You closely miss the orc priest. The orc priest barely misses you.
You sock the orc priest!
The orc priest is severely wounded.
The orc priest hits you with a mace. x2
* * * LOW HITPOINT WARNING * * *
You closely miss the orc priest. You tail-slap the orc priest.
The orc priest is almost dead.
The orc priest calls down the wrath of Beogh upon you.
Beogh smites you!
You die...

.....# .......#
......# ......
..... #..#
####..# ###.
#.@o..# .....
#<##.####
#..##.##....##
#............#
###.....###......
#.#.#.####.####
#.#......#.#
#.###....#.#
#.....>..#.#


You could see an orc priest.

Vanquished Creatures
  Jessica (D:2)
  An adder (D:2)
  An ooze (D:2)
  A worm (D:2)
  A dart slug (D:1)
  A leopard gecko (D:1)
  3 orcs (D:3)
  A ball python (D:1)
  6 bats
  5 giant cockroaches
  3 hobgoblins (D:2)
  10 jackals
  4 frilled lizards
  3 goblins
  7 kobolds
  5 rats
53 creatures vanquished.

Notes
Turn   | Place    | Note
-------+----------+-------------------------------------------
     0 | D:1      | roguesci the Draconian Fighter began the quest for the Orb.
     0 | D:1      | Reached XP level 1. HP: 19/19 MP: 1/1
    93 | D:1      | Reached XP level 2. HP: 21/26 MP: 2/2
   320 | D:1      | Reached XP level 3. HP: 33/33 MP: 3/3
   752 | D:2      | Found a sparkling altar of Nemelex Xobeh.
   752 | D:2      | Found an opulent altar of Gozag.
  1171 | D:2      | Reached skill level 1 in Spellcasting
  1446 | D:2      | Noticed Jessica
  1453 | D:2      | Killed Jessica
  1453 | D:2      | Reached XP level 4. HP: 22/40 MP: 5/5
  1932 | D:3      | Killed from afar by an orc priest

Vault maps used:
D:1:      scummos_arrival_star
D:2:      grunt_temple_overflow_opulence, nicolae_overflow_hidden_temple,
          minmay_tripent, uniq_jessica

Skill      XL: |  1  2  3 |
---------------+----------+-----
Dodging        | 3 |  3.5
Spellcasting   | 1 |  1.2
Fighting       | |  3.9
Maces & Flails | |  2.4
Shields        | |  3.6

Action                   |  1- 3 |  4- 6 || total
-------------------------+-------+-------++-------
Melee: Flail             |   130 |    27 ||   157
       Tailslap          |    13 |     2 ||    15
  Use: Potion            |       |     3 ||     3
  Eat: Chunk             |     1 |     2 ||     3
Armor: Skin              |    39 |     6 ||    45
Dodge: Dodged            |    77 |     9 ||    86
Block: Shield            |    79 |    12 ||    91
